Construct Section Command Post
Construct Platoon Command Post
Selects Air and Sea Battlegroup
Selects Commando Section Paradrop
Commando Section Paradrop
Selects Commando Support Section Paradrop
Commando Support Section Paradrop
Construct Company Command Post
Construct Field Infirmary
Selects Centaur Medium Tank
Unlock Towed 17-pounder Anti-tank Guns
17-pounder Anti-tank Gun Team
Unlock M3 Grant Medium Tanks
Selects Anti-tank Rocket Loiter
Unlock Bishop Self-propelled Artillery
Bishop Self-propelled Artillery
Selects Naval Bombardment